 Dungeon Crawl Stone Soup version 0.23-a0-49-gd9f7a49 (webtiles) character file.

123 Amnesiac the Gusty (level 4, -3/30 HPs)
             Began as a Mummy Air Elementalist on Aug 7, 2018.
             Slain by an orc
             ... wielding a +0 hand axe
              (9 damage)
             ... on level 4 of the Dungeon.
             The game lasted 00:02:45 (979 turns).

Amnesiac the Gusty (Mummy Air Elementalist)          Turns: 979, Time: 00:02:46

Health: -3/30      AC:  2    Str: 11    XL:     4   Next: 80%
Magic:  1/9        EV: 11    Int: 15    God:
Gold:   62         SH:  4    Dex: 12    Spells: 3/10 levels left

rFire    x . .     SeeInvis .   d - +0 hunting sling
rCold    + . .     Gourm    .   e - +0 buckler
rNeg     + + +     Faith    .   a - +0 robe
rPois    ∞         Spirit   .   (no helmet)
rElec    .         Reflect  .   (no cloak)
rCorr    .         Harm     .   (no gloves)
MR       .....                  (no boots)
Stlth    ++........             (no amulet)
HPRegen  0.10/turn              (no ring)
MPRegen  0.11/turn              (no ring)

@: very slightly contaminated
A: no food or potions, fire vulnerability, cold resistance 1, negative energy
resistance 3, torment resistance, unbreathing
a: no special abilities


You were on level 4 of the Dungeon.
You were not hungry.

You visited 1 branch of the dungeon, and saw 4 of its levels.

You collected 62 gold pieces.

Inventory:

Hand Weapons
 d - a +0 hunting sling (weapon)
Missiles
 g - 40 stones (quivered)
Armour
 a - a +0 robe (worn)
 e - a +0 buckler (worn)
 i - a +0 helmet
Scrolls
 b - a scroll of identify {!r, unknown}
 c - a scroll of remove curse {!r, unknown}
 f - a scroll of amnesia {!r, unknown}
 h - a scroll of teleportation {!r, unknown}
 j - a scroll of blinking {!r, unknown}


   Skills:
 - Level 1.5 Dodging
 - Level 1.5 Stealth
 + Level 1.4 Shields
 + Level 3.7 Spellcasting
 - Level 0.7 Conjurations
 * Level 3.8 Air Magic


You had 3 spell levels left.
You knew the following spells:

 Your Spells              Type           Power        Failure   Level  Hunger
a - Shock                 Conj/Air       #...         10%         1    N/A
d - Airstrike             Air            ##........   45%         4    N/A
z - Swiftness             Chrm/Air       #.......     17%         2    N/A

Your spell library contained the following spells:

 Spells                   Type           Power        Failure   Level  Hunger
 Lightning Bolt           Conj/Air       #.........   95%         5    N/A
 Static Discharge         Conj/Air       #.......     30%         3    N/A

Dungeon Overview and Level Annotations

Branches:
Dungeon (4/15)
 Temple: D:4-7

Altars:

Annotations:
D:4 exclusion: phantom, Ijyb


Innate Abilities, Weirdness & Mutations

You do not eat or drink.
Your flesh is vulnerable to fire.
You are immune to poison.
Your flesh is cold resistant. (rC+)
You are immune to negative energy. (rN+++)
You are immune to unholy pain and torment.
You can survive without breathing.


Message History

The zap hits the scorpion.
The scorpion is moderately wounded.
The zap hits the scorpion.
The scorpion is heavily wounded.
The scorpion misses you.
Casting: Shock (safe; 12% risk of failure)
Confirm with . or Enter, or press ? or * to list all spells.
Aiming: Shock (safe; 12% risk of failure)
Press: ? - help, Shift-Dir - straight line The zap hits the scorpion.
The scorpion is severely wounded.
The zap hits the scorpion.
The scorpion is severely wounded.
The scorpion stings you.
* * * LOW HITPOINT WARNING * * *
Casting: Shock (safe; 12% risk of failure)
Confirm with . or Enter, or press ? or * to list all spells.
Aiming: Shock (safe; 12% risk of failure)
Press: ? - help, Shift-Dir - straight line The zap hits the scorpion.
The scorpion appears unharmed.
The scorpion is severely wounded.
The zap hits the scorpion.
The scorpion is almost dead.
You feel a bit more experienced. You block the scorpion's attack.
Casting: Shock (safe; 12% risk of failure)
Confirm with . or Enter, or press ? or * to list all spells.
Aiming: Shock (safe; 12% risk of failure)
Press: ? - help, Shift-Dir - straight line The zap hits the scorpion.
The scorpion appears unharmed.
The scorpion is almost dead.
The zap misses the scorpion.
The scorpion stings you.
* * * LOW HITPOINT WARNING * * *
Casting: Shock (safe; 12% risk of failure)
Confirm with . or Enter, or press ? or * to list all spells.
Aiming: Shock (safe; 12% risk of failure)
Press: ? - help, Shift-Dir - straight line The zap hits the scorpion.
You kill the scorpion!
Unknown command.
Your magical contamination has completely faded away.
Casting: Shock (safe; 10% risk of failure)
Confirm with . or Enter, or press ? or * to list all spells.
Aiming: Shock (safe; 10% risk of failure)
Press: ? - help, Shift-Dir - straight line The zap hits the orc.
The orc is heavily wounded.
Casting: Shock (safe; 10% risk of failure)
Confirm with . or Enter, or press ? or * to list all spells.
Aiming: Shock (safe; 10% risk of failure)
Press: ? - help, Shift-Dir - straight line You miscast Shock.
You are very lightly contaminated with residual magic.
Sparks fly from your hands! The orc hits you with a hand axe.
* * * LOW HITPOINT WARNING * * *
Casting: Shock (safe; 10% risk of failure)
Confirm with . or Enter, or press ? or * to list all spells.
Aiming: Shock (safe; 10% risk of failure)
Press: ? - help, Shift-Dir - straight line The zap misses the orc.
The zap hits the orc.
The orc is severely wounded.
The orc closely misses you.
Unknown command.
The orc hits you with a hand axe!
You die...

.......W#....#.#
.....(..$#....#.#
..........#....#.#
#....#.. ##.#.##.
#.#.# #.#.#
##########.#.#
#........#@#.#
#.######.#o#.#
#.#.####.#.#.#
#.#<.....#.#.#
#.########.#.#
#........#.#.#
########.#.#.#
#.#.#.# #
#.#.#.#.#


You could see an orc.

Vanquished Creatures
  A scorpion (D:4)
  Jessica (D:3)
  A worker ant (D:4)
  A worm (D:2)
  A leopard gecko (D:1)
  2 orcs (D:4)
  A bat (D:1)
  2 giant cockroaches (D:1)
  A goblin (D:2)
  2 hobgoblins (D:1)
  4 kobolds (D:2)
  A quokka (D:2)
  A ball python (D:3)
  A frilled lizard (D:2)
  A rat (D:2)
21 creatures vanquished.

Notes
Turn   | Place    | Note
-------+----------+-------------------------------------------
     0 | D:1      | Amnesiac the Mummy Air Elementalist began the quest for the Orb.
     0 | D:1      | Reached XP level 1. HP: 13/13 MP: 4/4
   284 | D:2      | Reached XP level 2. HP: 19/19 MP: 3/5
   289 | D:2      | Learned a level 2 spell: Swiftness
   697 | D:3      | Noticed Jessica
   702 | D:3      | Killed Jessica
   702 | D:3      | Reached XP level 3. HP: 20/24 MP: 7/7
   854 | D:4      | Reached skill level 1 in Shields
   854 | D:4      | Reached XP level 4. HP: 19/30 MP: 1/9
   896 | D:4      | Learned a level 4 spell: Airstrike
   904 | D:4      | Noticed a phantom
   909 | D:4      | Noticed Ijyb
   979 | D:4      | Slain by an orc

Vault maps used:
D:1:      doesnt_arrival_eight_statues, minmay_split_cup_small
D:2:      nicolae_overflow_crystal_walls, first_ration
D:3:      minmay_misc_feat_enclosed, uniq_jessica
D:4:      uniq_ijyb, uniq_crazy_yiuf_cottage

Skill      XL: |  1  2  3 |
---------------+----------+-----
Air Magic      | 3 |  3.8
Spellcasting   | 3 |  3.7
Shields        | 1 |  1.4
Dodging        | |  1.5
Stealth        | |  1.5
Conjurations   | |  0.7

Action                   |  1- 3 |  4- 6 || total
-------------------------+-------+-------++-------
Melee: Unarmed           |     1 |       ||     1
 Fire: Hunting sling     |    28 |       ||    28
 Cast: Shock             |    27 |    12 ||    39
Armor: Robe              |     6 |       ||     6
Dodge: Dodged            |    21 |     2 ||    23
Block: Buckler           |     4 |     2 ||     6

Table legend:
 A = Spawn XP
 B = Non-spawn XP
 C = Spawn XP percentage of total XP
 D = Spawn monster count
 E = Non-spawn monster count
 F = Spawn count percentage of total count
 G = Total turns spent on level
                    A         B        C        D         E        F      G
               +---------+---------+-------+---------+---------+-------+---------
         Total |       0 |     177 |   0.0 |       0 |      21 |   0.0 |   979
               +---------+---------+-------+---------+---------+-------+---------
           D:1 |       0 |      13 |   0.0 |       0 |       6 |   0.0 |   394
           D:2 |       0 |      16 |   0.0 |       0 |       9 |   0.0 |   262
           D:3 |       0 |      38 |   0.0 |       0 |       2 |   0.0 |   106
           D:4 |       0 |     110 |   0.0 |       0 |       4 |   0.0 |   217
               +---------+---------+-------+---------+---------+-------+---------
